 Dungeon Crawl Stone Soup version 0.20-b1-2-gc5a9893 (webtiles) character file.

15607 graki42 the Basher (level 12, -1/132 HPs)
             Began as an Ogre Berserker on May 19, 2017.
             Was a High Priest of Trog.
             Slain by a four-headed hydra (12 damage)
             ... on level 8 of the Dungeon on May 21, 2017.
             The game lasted 00:25:52 (11759 turns).

graki42 the Basher (Ogre Berserker)                Turns: 11759, Time: 00:25:53

Health: -1/132     AC:  7    Str: 28    XL:     12   Next: 28%
Magic:  14/14      EV: 13    Int: 11    God:    Trog [*****.]
Gold:   622        SH:  0    Dex:  8    Spells: 11/11 levels left

rFire    . . .     SeeInvis .   y - +6 giant club "Jusoic" {crush, +Blink Int+3}
rCold    . . .     Gourm    .   (shield currently unavailable)
rNeg     . . .     Faith    .   l - +2 robe {MR+}
rPois    .         Spirit   .   (helmet restricted)
rElec    .         Reflect  .   M - +1 cloak {MR+}
rCorr    .         Harm     .   (gloves unavailable)
MR       +++..                  (boots unavailable)
Stlth    ++........             H - amulet of rage
Regen    0.4/turn               d - ring of flight
MPRegen  0.2/turn               (no ring)

@: slowed, very slow
A: unfitting armour, tough skin 1
a: Berserk, Trog's Hand, Brothers in Arms, Burn Spellbooks, Renounce Religion,
Evoke Blink, Evoke Berserk Rage, Evoke Flight


You were on level 8 of the Dungeon.
You worshipped Trog.
Trog was extremely pleased with you.
You were very hungry.

You visited 2 branches of the dungeon, and saw 10 of its levels.
You also visited: Ossuary.

You collected 662 gold pieces.
You spent 40 gold pieces at shops.

Inventory:

Hand Weapons
 x - a +0 giant spiked club
 y - the +6 giant club "Jusoic" (weapon) {crush, +Blink Int+3}
   (Trog gifted it to you on level 7 of the Dungeon)

   It inflicts extra damage upon your enemies.
   It affects your intelligence (+3).
   It lets you blink.
 C - the +5 war axe "Aves" {flame, -Tele rPois Int+3}
   (You found it on level 7 of the Dungeon)

   It has been specially enchanted to burn those struck by it, causing extra
   injury to most foes and up to half again as much damage against particularly
   susceptible opponents.
   Big, fiery blades are also staple armaments of hydra-hunters.
   It affects your intelligence (+3).
   It protects you from poison.
   It prevents most forms of teleportation.
Missiles
 q - 2 throwing nets
 J - 8 tomahawks of returning (quivered)
Armour
 l - a +2 robe of magic resistance (worn)
 M - a +1 cloak of magic resistance (worn)
Jewellery
 d - a ring of flight (left hand)
 H - an amulet of rage (around neck)
Wands
 b - a wand of flame (19/48)
 n - a wand of random effects (37/48)
 D - a wand of flame (40/48)
 E - a wand of digging (16/24)
 F - a wand of digging (8/24)
 G - a wand of random effects (20/48)
Scrolls
 i - a scroll of enchant armour
 k - a scroll of amnesia {unknown}
 o - a scroll of magic mapping
 p - 2 scrolls of remove curse
 s - a scroll of silence {unknown}
 t - 2 scrolls of teleportation
 u - a scroll of holy word {unknown}
 w - 2 scrolls of enchant weapon {unknown}
 I - a scroll of identify
Potions
 a - a potion of mutation
 e - 4 potions of agility
 f - a potion of cancellation
 h - a potion of resistance
 j - 6 potions of curing
 r - a potion of berserk rage
 v - a potion of flight
 A - a potion of might
 B - 3 potions of lignification {unknown}
Books
 L - a book of Frost

   Spells                             Type                      Level
   a - Freeze                         Ice                          1
   b - Throw Frost                    Conjuration/Ice              2
   c - Ozocubu's Armour               Charms/Ice                   3
   d - Throw Icicle                   Conjuration/Ice              4
   e - Summon Ice Beast               Ice/Summoning                4
   Trog disapproves of the use of such an item.
Comestibles
 c - 9 bread rations
 g - 5 royal jellies
 m - 5 meat rations
 z - 3 fruits


   Skills:
 + Level 11.8 Fighting
 + Level 12.8 Maces & Flails
 + Level 3.8 Throwing
 + Level 3.1 Armour
 + Level 8.4 Dodging
 + Level 2.1 Stealth
 + Level 3.1 Evocations


You had 11 spell levels left.
You didn't know any spells.

Dungeon Overview and Level Annotations

Branches:
Dungeon (9/15)             Temple (0/1) D:7            Lair (1/6) D:8
    Orc: D:9-12

Altars:
Ashenzari
Cheibriados
Kikubaaqudgha
Makhleb
Nemelex Xobeh
Okawaru
Qazlal
Ru
Sif Muna
Xom

Shops:
D:8 *


Innate Abilities, Weirdness & Mutations

You are too large for most types of armour.
You have tough skin. (AC +1)


Message History

The four-headed hydra closely misses you.
The four-headed hydra bites you!
You sock the four-headed hydra!
The four-headed hydra is heavily wounded.
The yak misses you. The four-headed hydra misses you.
The four-headed hydra closely misses you.
The four-headed hydra bites you!
* * * LOW HITPOINT WARNING * * *
The four-headed hydra bites you!
* * * LOW HITPOINT WARNING * * *
The yak barely misses you.
You sock the four-headed hydra!
The four-headed hydra is severely wounded.
The four-headed hydra closely misses you.
The four-headed hydra bites you!
* * * LOW HITPOINT WARNING * * *
The four-headed hydra bites you.
* * * LOW HITPOINT WARNING * * *
The four-headed hydra bites you!
You die...

###.# #.## #####..#####....
#...# #.#
###............... ..###
#.# #.>.############.. .##
##.######.### #>. .#
#.<##.....# #.. ##
#.###.##### #.. #.# #.# ###
### ####### ### ## #D@##
#(###. ## ### ###Y####
####..#.. .###.#
#Y...####...#.†.. #...####
######.##.....#...
.###...###
#.#.###........... .#
####..####
##...........#....# ##
##....###........####.....#
##.........###.#.####..#.#
#####.#.####..##.# #.#.##


You could see a four-headed hydra and 2 yaks.

Vanquished Creatures
  Erolcha (D:9)
  5 two-headed ogres
  Maurice (D:9)
  Joseph (D:7)
  A komodo dragon (D:8)
  2 trolls (D:9)
  The ghost of edgar the Sneak, a novice SpVM (Ossuary)
  2 hippogriffs
  2 yaks (Lair:1)
  2 wyverns (D:8)
  A hungry ghost (D:9)
  A basilisk (D:8)
  Menkaure (D:7)
  Edmund (D:5)
  A swamp drake (D:8)
  2 ice beasts
  6 ogres
  2 orc warriors (D:7)
  A phantom (D:5)
  3 sky beasts
  5 centaurs
  2 crocodiles
  An elf zombie (Ossuary)
  A big kobold (D:3)
  4 bullfrogs
  A scorpion (D:7)
  9 killer bees
  5 wights (D:7)
  4 howler monkeys
  5 electric eels (D:9)
  A bullfrog zombie (D:9)
  3 crimson imps
  A centaur zombie (Ossuary)
  3 jellies
  6 hounds
  2 human zombies (Ossuary)
  5 orc priests
  2 bullfrog skeletons
  An iguana (D:9)
  6 orc wizards
  5 worker ants
  2 big kobold zombies (Ossuary)
  A hound zombie (D:5)
  2 mummies (Ossuary)
  Robin (D:2)
  4 gnolls
  2 howler monkey skeletons (D:4)
  7 adders
  4 shadow imps
  3 oozes
  An adder zombie (D:5)
  An adder skeleton (D:6)
  3 worms
  5 dart slugs
  9 leopard geckos
  26 orcs
  3 bats
  2 giant cockroaches
  16 goblins
  17 hobgoblins
  15 jackals
  8 quokkas
  3 ball pythons
  6 frilled lizards
  A goblin zombie (Ossuary)
  11 hobgoblin zombies (Ossuary)
  3 jackal zombies
  6 kobolds
  6 kobold zombies (Ossuary)
  10 orc zombies (Ossuary)
  A quokka skeleton (D:6)
  11 rats
  A rat zombie (Ossuary)
300 creatures vanquished.

Vanquished Creatures (others)
  2 plants (D:9)
2 creatures vanquished.

Grand Total: 302 creatures vanquished

Notes
Turn   | Place    | Note
-------+----------+-------------------------------------------
     0 | D:1      | graki42 the Ogre Berserker began the quest for the Orb.
     0 | D:1      | Reached XP level 1. HP: 24/24 MP: 1/1
    37 | D:1      | Reached XP level 2. HP: 32/32 MP: 2/2
    82 | D:1      | Reached skill level 3 in Maces & Flails
   396 | D:1      | Reached XP level 3. HP: 31/40 MP: 3/3
  1037 | D:2      | Reached XP level 4. HP: 36/49 MP: 4/4
  1042 | D:2      | Reached ** piety under Trog
  1135 | D:2      | Noticed Robin
  1147 | D:2      | Killed Robin
  1465 | D:2      | You fall through a shaft!
  1470 | D:3      | Noticed a big kobold
  1489 | D:2      | Reached skill level 5 in Fighting
  2104 | D:2      | Reached XP level 5. HP: 53/57 MP: 5/5
  2216 | D:3      | Killed a big kobold
  2216 | D:3      | Reached skill level 4 in Maces & Flails
  2408 | D:3      | Reached XP level 6. HP: 27/66 MP: 6/6
  2854 | D:3      | Reached *** piety under Trog
  3293 | D:3      | Found a faded altar of an unknown god.
  3568 | D:4      | Reached skill level 5 in Maces & Flails
  3820 | D:4      | Reached XP level 7. HP: 74/74 MP: 7/7
  4257 | D:4      | Found an iron altar of Okawaru.
  4488 | D:4      | Reached skill level 6 in Maces & Flails
  4890 | D:5      | Entered Level 5 of the Dungeon
  4894 | D:5      | Found a stormy altar of Qazlal.
  4919 | D:5      | Reached **** piety under Trog
  4921 | D:5      | Noticed Edmund
  4934 | D:5      | Found a sand-covered staircase.
  4939 | Ossuary  | Entered an ossuary
  4965 | Ossuary  | Noticed edgar's ghost (novice SpVM)
  4968 | Ossuary  | Killed edgar's ghost
  4968 | Ossuary  | Reached skill level 5 in Dodging
  4968 | Ossuary  | Reached XP level 8. HP: 84/84 MP: 8/8
  5117 | Ossuary  | Reached skill level 7 in Maces & Flails
  5436 | D:5      | Killed Edmund
  5727 | D:5      | Found a burning altar of Makhleb.
  5777 | D:5      | Reached ***** piety under Trog
  5977 | D:5      | Reached skill level 8 in Maces & Flails
  6304 | D:6      | Reached XP level 9. HP: 93/93 MP: 9/9
  6356 | D:6      | Reached skill level 1 in Stealth
  6892 | D:7      | Reached skill level 9 in Maces & Flails
  7177 | D:7      | Found a shattered altar of Ashenzari.
  7178 | D:7      | Upgraded the game from 0.20-b1 to 0.20-b1-2-gc5a9893
  7210 | D:7      | Noticed Joseph
  7222 | D:7      | Killed Joseph
  7571 | D:7      | Received a gift from Trog
  7580 | D:7      | Got a smoking giant club {god gift}
  7581 | D:7      | Identified the +6 giant club "Jusoic" {crush, +Blink Int+3} (Trog gifted it to you on level 7 of the Dungeon)
  7802 | D:7      | Found a staircase to the Ecumenical Temple.
  7856 | D:7      | Reached skill level 10 in Maces & Flails
  7867 | D:7      | Reached XP level 10. HP: 94/106 MP: 10/10
  7877 | D:7      | Got a transparent war axe
  7878 | D:7      | Identified the +5 war axe "Aves" {flame, -Tele rPois Int+3} (You found it on level 7 of the Dungeon)
  8262 | D:7      | Noticed Menkaure
  8265 | D:7      | Killed Menkaure
  8759 | D:8      | Found a sacrificial altar of Ru.
  8759 | D:8      | Found a sparkling altar of Nemelex Xobeh.
  8892 | D:8      | Found Sasatozi's Assorted Antiques.
  8900 | D:8      | Bought a lumpy sapphire potion for 20 gold pieces
  8900 | D:8      | Bought a black potion for 20 gold pieces
  8902 | D:8      | Reached skill level 10 in Fighting
  8902 | D:8      | Reached skill level 11 in Maces & Flails
  8902 | D:8      | Reached XP level 11. HP: 119/119 MP: 10/13
  8909 | D:8      | Found a shimmering altar of Xom.
  8909 | D:8      | Noticed a two-headed ogre
  8909 | D:8      | Noticed a two-headed ogre
  8919 | D:8      | Killed a two-headed ogre
  8922 | D:8      | Killed a two-headed ogre
  9394 | D:8      | Found a staircase to the Lair.
  9583 | D:8      | Found a snail-covered altar of Cheibriados.
  9679 | D:9      | Noticed a two-headed ogre
  9681 | D:9      | Found an ancient bone altar of Kikubaaqudgha.
  9684 | D:9      | Killed a two-headed ogre
  9818 | D:9      | Noticed Erolcha
  9832 | D:9      | Killed Erolcha
  9832 | D:9      | Reached skill level 12 in Maces & Flails
 10371 | D:9      | Noticed a two-headed ogre
 10382 | D:9      | Killed a two-headed ogre
 10382 | D:9      | Reached XP level 12. HP: 29/130 MP: 14/14
 11077 | D:9      | Noticed a two-headed ogre
 11082 | D:9      | Killed a two-headed ogre
 11288 | D:9      | Found a deep blue altar of Sif Muna.
 11371 | D:9      | Noticed Maurice
 11384 | D:9      | Killed Maurice
 11520 | D:9      | Received a gift from Trog
 11737 | Lair:1   | Entered Level 1 of the Lair of Beasts
 11745 | Lair:1   | Noticed a four-headed hydra
 11759 | D:8      | Slain by a four-headed hydra

Skill      XL: |  1  2  3  4  5  6  7  8  9 10 11 |
---------------+----------------------------------+-----
Maces & Flails | 3 4 5 6 8 10 11 12 | 12.8
Dodging        | 3 4 5 6 7 8 |  8.4
Fighting       | 5 6 7 8 10 11 | 11.8
Stealth        | 1 2 |  2.1
Throwing       | 3 |  3.8
Armour         | 3 |  3.1
Evocations     | 3 |  3.1

Action                   |  1- 3 |  4- 6 |  7- 9 | 10-12 || total
-------------------------+-------+-------+-------+-------++-------
Melee: Mace              |    94 |   269 |       |       ||   363
       Giant club        |       |       |   346 |   198 ||   544
       Giant spiked club |       |       |    20 |       ||    20
Invok: Berserk           |     1 |     6 |     6 |     4 ||    17
       Trog's Hand       |       |       |     1 |     3 ||     4
  Use: Scroll            |       |     2 |    12 |     2 ||    16
       Potion            |       |       |     6 |     1 ||     7
 Stab: Sleeping          |       |       |       |     1 ||     1
       Distracted        |       |       |       |     1 ||     1
  Eat: Chunk             |     1 |    14 |    18 |    18 ||    51
       Fruit             |       |       |     3 |       ||     3
Armor: Animal skin       |    29 |    29 |       |       ||    58
       Robe              |       |    26 |   102 |    35 ||   163
Dodge: Dodged            |    50 |   152 |   198 |   121 ||   521
